Cogmind - Beta 11 @@@ ROGUE MODE // 2022.03.20 @ 19:28:51 Player: lumberblack Result: Destroyed by G-34 Mercenary with Small Laser Performance ------------- Evolutions (0) 0 Regions Visited (2) 400 Robots Destroyed (23) 115 Value Destroyed (339) 339 Prototype IDs (4) 80 Alien Tech Used (0) 0 Bonus (60) 60 TOTAL SCORE: 994 Bonus ------- Follower Combat Kills 60 Cogmind --------- Core Integrity 0/250 Matter 228/300 Energy 40/100 System Corruption 4% Temperature Cool (31) Movement Rolling (130) Ox2 Location -10/Mines Parts ------- > --- POWER (1) -------- (None) > --- PROPULSION (2) --- Compact Wheel > --- UTILITY (2) ------ High-capacity Storage Unit > --- WEAPON (2) ------- Shock Bomb Launcher > --- INVENTORY (20) --- Deuterium Engine Improved Heat Sink High-capacity Storage Unit High-capacity Matter Pod (73) High-capacity Matter Pod (0) Seismic Detector Improved Propulsion Shielding Improved Weapon Shielding Medium Laser Light Assault Rifle Light Assault Rifle Grenade Launcher Mining Laser Peak State ------------ > --- POWER ------------ Ion Engine > --- PROPULSION ------- Light Treads Compact Wheel > --- UTILITY ---------- High-capacity Storage Unit Reactive Plating > --- WEAPON ----------- Assault Rifle Assault Cannon > --- INVENTORY -------- Light Ion Engine Light Ion Engine Light Treads Light Treads Improved Heat Sink High-capacity Storage Unit Medium Battery High-capacity Matter Pod High-capacity Matter Pod Seismic Detector Improved Weapon Shielding Medium Laser Assault Rifle Light Assault Rifle Light Assault Rifle Shock Bomb Launcher Grenade Launcher Mining Laser [Rating: 13] Favorites ----------- Power Ion Engine Engine Ion Engine Propulsion Light Treads Treads Light Treads Leg Aluminum Leg Wheel Compact Wheel Utility High-capacity Storage Unit Device Seismic Detector Storage High-capacity Storage Unit Protection Power Shielding Weapon Assault Rifle Energy Gun Medium Laser Ballistic Gun Assault Rifle Ballistic Cannon Assault Cannon Launcher Shock Bomb Launcher Special Weapon Mining Laser Build | -11 -10 -10 ------- Run | Scr Mat Min Slots Evolved . | . . . Power . | . . . Propulsion . | . . . Utility . | . . . Weapon . | . . . Parts Attached 30 | 3 19 8 Power 3 | . 3 . Engine 3 | . 3 . Core . | . . . Reactor . | . . . Propulsion 12 | 2 7 3 Treads 6 | 1 3 2 Leg . | . . . Wheel 6 | 1 4 1 Hover . | . . . Flight . | . . . Utility 6 | 1 4 1 Device 2 | 1 1 . Storage 1 | . 1 . Processor . | . . . Hackware . | . . . Protection 3 | . 2 1 Artifact . | . . . Weapon 9 | . 5 4 Energy Gun . | . . . Energy Cannon . | . . . Ballistic Gun 5 | . 3 2 Ballistic Cannon 1 | . . 1 Launcher 2 | . 1 1 Special Weapon 1 | . 1 . Impact Weapon . | . . . Slashing Weapon . | . . . Piercing Weapon . | . . . Special Melee Weapon . | . . . Unidentified Prototypes . | . . . Corrupted Parts 2 | . . 2 System Corruption 4 | . . 4 Parts Lost 7 | . . 7 Power 1 | . . 1 Propulsion 2 | . . 2 Utility 1 | . . 1 Weapon 3 | . . 3 Highest Loss Streak 7 | . . 7 To Critical Strikes . | . . . Average Slot Usage (%) 99 | . 99 98 Engine 13 | . 14 13 Treads 16 | . 16 16 Wheel 11 | . 11 10 Device 6 | . 7 2 Storage 14 | . 14 14 Protection 7 | . 6 11 Energy Gun 1 | . 2 . Ballistic Gun 22 | . 25 16 Ballistic Cannon 3 | . . 10 Naked Turns . | . . . Heaviest Build 62 | 13 51 62 Greatest Support 40 | 20 40 40 Greatest Overweight (x) 4 | 1 4 3 Average Overweight (x) 2 | . 2 2 Largest Inventory Capacity 20 | 8 20 20 Average Capacity 16 | 8 15 20 Most Carried 19 | 6 19 19 Average Carried 13 | 4 12 17 Final Capacity 20 | 8 20 20 Final Carried 19 | 4 19 13 Class Distribution -------------------- 100% | Mutant Dominant Class ---------------- Mutant | -10/Materials Mutant | -10/Mines Resources | -11 -10 -10 ----------- Run | Scr Mat Min Matter Collected 797 | 242 470 85 Remotely . | . . . Salvage Created 636 | 97 514 25 Parts 43 | 8 32 3 Haulers Intercepted 2 | . 2 . Recyclers Shooed . | . . . Parts Field Recycled . | . . . Retrieved Matter . | . . . Parts Self-Destructed . | . . . Prevented . | . . . Kills | -11 -10 -10 ------- Run | Scr Mat Min Combat Hostiles Destroyed 13 | . 12 1 Guns 12 | . 12 . Cannons 1 | . . 1 Classes Destroyed 8 | 2 4 2 Builder 1 | . . 1 Tunneler 3 | 2 1 . Hauler 2 | . 2 . Recycler 2 | 1 1 . Watcher 2 | . 2 . Swarmer 9 | . 9 . Grunt 3 | . 3 . Demolisher 1 | . . 1 Best Kill Streak 5 | 2 5 2 Combat Bots Only 5 | . 5 1 Max Kills in Single Turn 1 | 1 1 1 Gunslinging . | . . . Exploded . | . . . Melee . | . . . Uniques/NPCs Destroyed . | . . . Combat | -11 -10 -10 -------- Run | Scr Mat Min Damage Taken 1325 | . 369 956 Core 260 | . 53 207 Absorbed by Shields . | . . . Redirected to Shielding 12 | . 12 . Core Remaining (%) 100 | 100 . . Volleys Fired 59 | 4 45 10 Largest 2 | 2 2 2 Hottest 100 | 70 100 64 Shots Fired 111 | 8 87 16 Gun 99 | 8 85 6 Cannon 7 | . . 7 Launcher 3 | . . 3 Special 2 | . 2 . Kinetic 94 | 4 77 13 Thermal 14 | 4 10 . Explosive . | . . . Electromagnetic 3 | . . 3 Robot Hit Streak 10 | 2 10 7 Robot Miss Streak 4 | 1 4 2 Penetration Max . | . . . Secondary Targets 2 | . 2 . Max Gunslinging Chain 1 | . 1 . Shots Hit Robots 69 | 5 55 9 Core Hits 33 | 4 23 6 Critical Kills . | . . . Critical Parts Destroyed 1 | . 1 . Critical Strikes 1 | . 1 . Destroy 1 | . 1 . Melee Attacks . | . . . Impact . | . . . Slashing . | . . . Piercing . | . . . Sneak Attacks . | . . . Combat Hostiles . | . . . Follow-up Attacks . | . . . Damage Inflicted 1048 | 58 717 273 Guns 816 | 58 717 41 Cannons 126 | . . 126 Explosions 105 | . . 105 Melee . | . . . Ramming 1 | . . 1 Kinetic 867 | 33 667 167 Thermal 75 | 25 50 . Explosive . | . . . Electromagnetic 105 | . . 105 Impact . | . . . Slashing . | . . . Piercing . | . . . Highest Corruption 4 | . . 4 Average Corruption 2 | . . 2 Corruption Purged . | . . . Corruption Blocked . | . . . Effects 7 | . . 7 Message Errors 2 | . . 2 Matter Fused 3 | . . 3 Energy Discharges 1 | . . 1 Data Loss (minor) 1 | . . 1 Overload Shots . | . . . Overflow Damage . | . . . Projectiles . | . . . Explosions . | . . . Melee . | . . . Knockbacks 1 | . . 1 Impact . | . . . Kinetic 1 | . . 1 Secondary . | . . . Self-Inflicted Damage 11 | . . 11 Shots 1 | . . 1 Rammed 2 | . 1 1 Targets Rammed 3 | . 2 1 Kicked . | . . . Crushed 1 | . 1 . Highest Temperature 133 | 38 54 133 Average Temperature 32 | 14 20 53 Received Heat Transfer 174 | . 30 144 Siege Activations . | . . . Robots Corrupted . | . . . Combat Hostiles . | . . . Parts Fried . | . . . Impact Corruptions . | . . . Robots Melted . | . . . Combat Hostiles . | . . . Parts Melted . | . . . Heat Transferred 222 | 74 148 . Parts Sabotaged . | . . . Parts Stolen . | . . . Parts Stripped . | . . . Power Chain Reactions . | . . . Missiles Intercepted . | . . . Alert | -11 -10 -10 ------- Run | Scr Mat Min Peak Influence 304 | 15 304 130 Initial 34 | . 9 34 Average 62 | 10 75 42 Maximum Alert Level 1 | . 1 . Low Security (%) 98 | 100 97 100 Level 1 1 | . 2 . Level 2 . | . . . Level 3 . | . . . Level 4 . | . . . Level 5 . | . . . High Security . | . . . Max Security . | . . . Squads Dispatched 2 | . 2 . Investigation 2 | . 2 . Extermination . | . . . Reinforcement . | . . . Assault . | . . . Garrison . | . . . Intercept . | . . . Searches Triggered . | . . . Construction Impeded . | . . . Haulers Reinforced . | . . . Active Scanning Responses . | . . . Cargo Convoy Interrupts . | . . . Stealth | -11 -10 -10 --------- Run | Scr Mat Min Distress Signals 2 | . 2 . Communications Jammed . | . . . Distress Signals . | . . . Times Spotted 30 | . 24 6 Peak Tracking Total 8 | . 8 4 Tactical Retreats 2 | . 1 1 Traps | -11 -10 -10 ------- Run | Scr Mat Min Traps Triggered 3 | . 2 1 Indirectly . | . . . Trap Hack Attempts . | . . . Triggered . | . . . Disarmed . | . . . Reprogrammed . | . . . Reused . | . . . Traps Extracted . | . . . Installed . | . . . Triggered . | . . . Machines | -11 -10 -10 ---------- Run | Scr Mat Min Machines Disabled 2 | . . 2 Max in Single Turn 1 | . . 1 Machines Sabotaged . | . . . Garrisons Compromised . | . . . Overloaded Fab Kills . | . . . Hacking | -11 -10 -10 --------- Run | Scr Mat Min Machines Accessed 10 | . 9 1 Terminals 7 | . 7 . Fabricators . | . . . Repair Stations . | . . . Recycling Units 2 | . 2 . Scanalyzers . | . . . Garrison Access . | . . . Total Hacks 33 | . 32 1 Successful 19 | . 18 1 Failed 14 | . 14 . Catastrophic 3 | . 3 . Database Lockouts . | . . . Manual 23 | . 23 . Terminals 30 | . 30 . Fabricators . | . . . Repair Stations . | . . . Recycling Units 2 | . 2 . Scanalyzers . | . . . Garrison Access . | . . . Terminal Hacks 15 | . 14 1 Robot Analysis 3 | . 3 . Prototype ID Bank 5 | . 5 . Open Door 1 | . . 1 Branch Access Points 1 | . 1 . Terminal Index 1 | . 1 . Unreport Threat 2 | . 2 . Locate Traps 2 | . 2 . Fabricator Hacks . | . . . Repair Station Hacks . | . . . Recycling Unit Hacks . | . . . Scanalyzer . | . . . Garrison Access Hacks . | . . . Unauthorized Hacks 4 | . 4 . Terminals 2 | . 2 . Track 2 | . 2 . Fabricators . | . . . Repair Stations . | . . . Recycling Units 2 | . 2 . Tunnel 2 | . 2 . Scanalyzers . | . . . Garrison Access . | . . . Data Cores Recovered . | . . . Used . | . . . Hacking Detections 7 | . 7 . Full Trace Events . | . . . Feedback Events . | . . . Feedback Blocked . | . . . Robot Schematics Acquired . | . . . Robots Built . | . . . Authchips . | . . . Time . | . . . Total Robot Build Rating . | . . . Part Schematics Acquired . | . . . Parts Built . | . . . Authchips . | . . . Time . | . . . Total Part Build Rating . | . . . Parts Repaired . | . . . Time . | . . . Parts Recycled . | . . . Recycled Matter . | . . . Retrieved Matter . | . . . Retrieved Components . | . . . Parts Scanalyzed . | . . . Part Schematics Acquired . | . . . Parts Damaged . | . . . Bothacking | -11 -10 -10 ------------ Run | Scr Mat Min Used RIF Installer . | . . . Robots Hacked . | . . . Non-combat . | . . . Combat . | . . . Robot Hacks Applied . | . . . Relay Couplers Released . | . . . Fabnet Peak Effective % . | . . . Robots Rewired . | . . . Allies Hacked . | . . . Hacks Repelled . | . . . Allies | -11 -10 -10 -------- Run | Scr Mat Min Total Allies 2 | . . 2 Largest Group 2 | . . 2 Highest-Rated Group 45 | . . 45 Highest-Rated Ally 31 | . . 31 Total Orders . | . . . Ally Attacks 15 | . . 15 Total Damage 312 | . . 312 Kills 2 | . . 2 Allies Corrupted . | . . . Allies Melted . | . . . Intel | -11 -10 -10 ------- Run | Scr Mat Min Robot Analysis Total 3 | . 3 . Derelict Logs Recovered . | . . . Drone Launches . | . . . Drone Recoveries . | . . . Exploration | -11 -10 -10 ------------- Run | Scr Mat Min Turns Passed 1574 | 66 1029 479 Spaces Moved 872 | 21 638 213 Core . | . . . Treads 75 | . 44 31 Legs 7 | 7 . . Wheels 790 | 14 594 182 Hover . | . . . Flight . | . . . Fastest Speed 95 | 95 95 130 Average Speed 135 | 103 128 158 Slowest Speed 240 | 120 160 240 Overloaded Moves . | . . . Propulsion Burnouts . | . . . Robots Hopped . | . . . Cave-ins Triggered . | . . . Exploration Rate (%) 40 | 3 76 41 Regions Visited 2 Branch Regions 1 Pre-discovered Areas 2 | . 2 . Known Exits Taken 1 | . 1 . Unknown Exits Taken 1 | 1 . . Scrap Searched . | . . . Spaces Dug 2 | . 2 . Terrain Destroyed 14 | . 2 12 Melee . | . . . Projectile 3 | . 2 1 AOE 11 | . . 11 Terrain Rammed . | . . . Walls Destroyed . | . . . Machines Disabled . | . . . Actions | -11 -10 -10 --------- Run | Scr Mat Min Total 1147 | 58 748 341 Wait 146 | 27 26 93 Move 870 | 20 637 213 Hop . | . . . Pick Up 17 | 1 11 5 Fast Attach 6 | 1 3 2 Attach 7 | 2 1 4 Detach 6 | . 4 2 Swap 17 | . 15 2 Drop 16 | 3 4 9 Fire 59 | 4 45 10 Melee . | . . . Ram . | . . . Kick . | . . . Crush 3 | . 2 1 Escape Stasis . | . . . Rewire . | . . . Trap . | . . . Miscellaneous . | . . . Route ------- -11/Scrapyard -10/Materials (discovered 4 exits: [*Mat x2] / *Min x2) -10/Mines (discovered 1 exit: [*Mat]) History --------- Turn | Location | Event 11 | -11/Scrapyard | Discovered new exit (range 3) 67 | -11/Scrapyard | Entered Materials 169 | -10/Materials | Identified exit to Mines 291 | -10/Materials | Discovered new exit (range 12) 314 | -10/Materials | Build established: Mutant 627 | -10/Materials | Discovered new exit (range 15) 1096 | -10/Materials | Entered Mines 1171 | -10/Mines | Met a Derelict who couldn't figure out how to use a Trap Extractor 1416 | -10/Mines | Assembled infested the area 1554 | -10/Mines | Met 8R-AWN 1557 | -10/Mines | Discovered new exit (range 9) 1569 | -10/Mines | Core integrity fell below 50% 1573 | -10/Mines | Core integrity fell below 20% 1575 | -10/Mines | Destroyed by G-34 Mercenary with Small Laser Last Messages --------------- 01563_ Reactive Plating destroyed. 01564_ D-53 Grenadier destroyed. 01564_ Lgt. Treads destroyed. 01564_ Ion Engine destroyed. 01566_ Assault Cannon destroyed. 01567_ Integrated Corrupted Shock Bomb Launcher (+2). 01567_ Complication: Lgt. Treads rejected. 01567_ T-07 Excavator destroyed. 01568_ Core Extractor disabled. 01570_ The unstable cave ceiling collapses. 01570_ Dropped Med. Battery. 01571_ Extracted 96 energy. 01572_ U-05 Engineer lays Concrete. 01573_ U-05 Engineer destroyed. 01574_ Extracted 54 energy. 8R-AWN: I can't promise they won't dissect you, by the way. They're weird like that. Either way, I'm sure they'll be happy to try putting you back together again. 01575_ HV Slug penetrates Wall. Map ----- +----------------------------------------------------+ | ## #????#### ##?????## #?????? | | ?# #???????## ##???????## ##?????? | | ?# #????????## ##?????????# "# ##??????? | | ## ##????????## ##?????????# ### #???????? | | # #?????????####??????????# ###?# #######?? | | #???????????????????????# ##???# ##? | | ##???????????????????????## ##????# #? | | #?????????????????????????####?????# #? | | #??????????????????????????????????## ##? | | ##???????????????????????????????????### ####?? | | #??????????????????????????????????????# #????? | | # ???????????????????????????????????????# #????? | | ###???????????????????????????????????????# #????? | | ??????????????????????????????????????????# #????? | | ????????????????????????????????????????### #????? | | ??????????????????????????????????????### #????? | | ??????????????????????#####???????????# # ###????? | | ??????????????????????? #???????????# # #????? | | ???????????????????????# #???????????# ##???? | | ??????????????????????## ####???????# # # #???? | | ???????????????????#?## ####????# #%# #???? | | ???????????#########%# #????# # # #???? | | ??????????? !! #????##?# # ## #?? | | ?????????????# #??????### #?? | | ?????????????# d #?????## ######?? | | ?????????????# g @ ######## #??????? | | ?????????????# g =%* g ## #??????? | | ?????????????# ##### ###" #??????? | | ?????????????# ##???# ### " #??????? | | ?????????????# < # ###????# ## " #??????? | | ?????????????# ######??????# ###??????? | | ?????????????######T#?????????????# ##????????? | | ??????????????????#???????????????## ##?????????? | | ???????????????????????????????????####??????????? | | ?????????????????????????????????????????????????? | | | | | | | | | | | | | | | | | | | | | | | | | | | | | | | +----------------------------------------------------+ Best States ------------- Heat Dissipation 25 Energy Generation 10 Energy Capacity 250 Matter Stores 300 Matter Capacity 300 Sight Range 16 Terrain Scan Range 16 Terrain Scan Density 10 Armor Coverage 150 Resistance: KI 20 Power Shielding 33 Evasion (%) 50 Recoil Reduction 2 Item Schematics ----------------- None Robot Schematics ------------------ None Fabricated ------------ Nothing Alien Tech Used ----------------- None Achievements -------------- None Challenges ------------ None Game ------ Seed CatalystRagnarokThruster Manual? 0 Play Time 00:15:10 Cumulative 355.5 hours Start 2022.03.20 @ 19:15:04 End 2022.03.20 @ 19:28:51 Sessions 1 Manual Loads 0 Difficulty Rogue Special Mode None Game No. 311 Rogue 311 Adventurer 0 Explorer 0 Win Type - Total 6 Types 5/0/1/0/0/0/0/0/0 Lore% 53 Gallery% 73 Achievement% 64 Wizard Run 0 Options --------- ASCII 0 Keyboard 0 Movement Numpad Keybinds 0 Fullscreen 2 Font 18/TerminusBold Map View 76x50 Tactical HUD 1 Map Filters NONE Filters NONE Steam 1 RUN: 6bd2742b-6430-4552-a428-b1b13e13c496